 Dungeon Crawl Stone Soup version 0.30-a0-930-gb9d0489357 (webtiles) character file.

Game seed: 11898025421492050682

53 Darkkill the Shooter (level 3, -1/31 HPs)
             Began as a Minotaur Hunter on Mar 23, 2023.
             Killed from afar by Sigmund (14 damage)
             ... with a bolt of dispelling energy
             ... on level 2 of the Dungeon.
             The game lasted 00:02:08 (425 turns).

Darkkill the Shooter (Minotaur Hunter)               Turns: 425, Time: 00:02:08

Health: -1/31      AC:  3    Str: 15    XL:     3   Next: 64%
Magic:  2/2        EV: 12    Int:  6    God:
Gold:   22         SH:  0    Dex: 15    Spells: 2/2 levels left

rFire   . . .      SeeInvis .    a - +0 shortbow
rCold   . . .      Faith    .    (shield currently unavailable)
rNeg    . . .      Spirit   .    c - +0 leather armour
rPois   .          Reflect  .    (helmet restricted)
rElec   .          Rampage  .    (no cloak)
rCorr   .                        (no gloves)
Will    .....                    (no boots)
Stlth   ++                       (no amulet)
HPRegen 0.25/turn                (no ring)
MPRegen 0.08/turn                (no ring)

@: no status effects
A: horns 2, retaliatory headbutt
a: no special abilities


You were on level 2 of the Dungeon.
You visited 1 branch of the dungeon, and saw 2 of its levels.

You collected 22 gold pieces.

Inventory:

Hand Weapons
 a - a +0 shortbow (weapon)
Missiles
 d - 23 stones
Armour
 c - a +0 leather armour (worn)
Scrolls
 b - a scroll of immolation
 f - a scroll of teleportation {unknown}
 g - a scroll of magic mapping {unknown}
 h - a scroll of vulnerability {unknown}
Potions
 e - 3 potions of curing {unknown}


   Skills:
 + Level 3.2 Fighting
 + Level 4.8 Ranged Weapons
 + Level 2.9 Dodging
 + Level 1.5 Stealth


You had 2 spell levels left.
You didn't know any spells.
Your spell library was empty.

Dungeon Overview and Level Annotations

Branches:
Dungeon (2/15)

Altars:

Annotations:
D:2 Sigmund


Innate Abilities, Weirdness & Mutations

You have a pair of horns on your head.
You reflexively headbutt those who attack you in melee.


Message History

There are monsters nearby!
You shoot an arrow. The arrow hits the kobold.
You kill the kobold!
A kobold is nearby!
You shoot an arrow. The arrow hits the kobold.
You kill the kobold!
d - 20 stones (gained 5)
d - 23 stones (gained 3);
h - a scroll labelled ZUTUNE PEYSCHO You see here a +0 club.
e - 3 glowing golden potions (gained 1)
An adder comes into view.
The adder hisses angrily.
You shoot an arrow. The arrow barely misses the adder.
The adder barely misses you. You furiously retaliate!
You headbutt the adder!
You kill the adder!
An adder comes into view.
You shoot an arrow. The arrow closely misses the adder.
The adder hisses angrily.
You shoot an arrow. The arrow hits the adder.
The adder is moderately wounded.
An adder is nearby!
You shoot an arrow. The arrow hits the adder.
The adder is almost dead.
An adder is nearby!
An adder is nearby!
You shoot an arrow. The arrow hits the adder!
You kill the adder!
You see here an adder corpse.
A quokka comes into view.
You shoot an arrow. The arrow hits the quokka.
The quokka is almost dead.
A quokka is nearby!
You shoot an arrow. The arrow misses the quokka.
You shoot an arrow. The arrow closely misses the quokka.
A quokka is nearby!
You shoot an arrow. The arrow misses the quokka.
A quokka is nearby!
You shoot an arrow. The arrow barely misses the quokka.
The quokka bites you. The quokka barely misses you.
A quokka is nearby!
You shoot an arrow. The arrow closely misses the quokka.
The quokka closely misses you.
A quokka is nearby!
You shoot an arrow. The arrow misses the quokka.
The quokka closely misses you. You furiously retaliate!
You headbutt the quokka!
You kill the quokka!
You see here a quokka corpse.
Sigmund the Dreaded comes into view.
He is wielding a +0 scythe and carrying a wand of quicksilver (10).
Fire: a) +0 shortbow
Press: ? - help, Q - select action, (/) - cycle Shift-Dir - straight line, f - Sigmund
Aim: Sigmund, wielding a +0 scythe, wearing a +0 robe and carrying a wand of quicksilver (10) (asleep, 98% to hit)
You shoot an arrow. The arrow hits Sigmund.
Sigmund shouts!
Sigmund is lightly wounded.
Fire: a) +0 shortbow
Press: ? - help, Q - select action, (/) - cycle Shift-Dir - straight line, f/p - Sigmund
Aim: Sigmund, wielding a +0 scythe, wearing a +0 robe and carrying a wand of quicksilver (10) (lightly wounded, 58% to hit)
You shoot an arrow. The arrow hits Sigmund.
Sigmund is moderately wounded.
Fire: a) +0 shortbow
Press: ? - help, Q - select action, (/) - cycle Shift-Dir - straight line, f/p - Sigmund
Aim: Sigmund, wielding a +0 scythe, wearing a +0 robe and carrying a wand of quicksilver (10) (moderately wounded, 58% to hit)
You shoot an arrow. The arrow hits Sigmund.
Sigmund is heavily wounded.
Fire: a) +0 shortbow
Press: ? - help, Q - select action, (/) - cycle Shift-Dir - straight line, f/p - Sigmund
Aim: Sigmund, wielding a +0 scythe, wearing a +0 robe and carrying a wand of quicksilver (10) (heavily wounded, 58% to hit)
You shoot an arrow.
The arrow hits Sigmund but does no damage.
Sigmund is heavily wounded.
Sigmund closely misses you.
Fire: a) +0 shortbow
Press: ? - help, Q - select action, (/) - cycle Shift-Dir - straight line, f/p - Sigmund
Aim: Sigmund, wielding a +0 scythe, wearing a +0 robe and carrying a wand of quicksilver (10) (heavily wounded, 58% to hit)
You shoot an arrow. The arrow barely misses Sigmund.
Fire: a) +0 shortbow
Press: ? - help, Q - select action, (/) - cycle Shift-Dir - straight line, f/p - Sigmund
Aim: Sigmund, wielding a +0 scythe, wearing a +0 robe and carrying a wand of quicksilver (10) (heavily wounded, 58% to hit)
You shoot an arrow. The arrow hits Sigmund.
Sigmund is severely wounded.
Sigmund zaps a wand.
The bolt of dispelling energy hits you! Sigmund barely misses you.
Fire: a) +0 shortbow
Press: ? - help, Q - select action, (/) - cycle Shift-Dir - straight line, f/p - Sigmund
Aim: Sigmund, wielding a +0 scythe, wearing a +0 robe and carrying a wand of quicksilver (9) (severely wounded, 58% to hit)
You shoot an arrow. The arrow hits Sigmund.
Sigmund is severely wounded.
Sigmund points at you and mumbles some strange words.
The magic dart hits you.
Fire: a) +0 shortbow
Press: ? - help, Q - select action, (/) - cycle Shift-Dir - straight line, f/p - Sigmund
Aim: Sigmund, wielding a +0 scythe, wearing a +0 robe and carrying a wand of quicksilver (9) (severely wounded, 58% to hit)
You shoot an arrow. The arrow barely misses Sigmund.
Sigmund hits you but does no damage.
Fire: a) +0 shortbow
Press: ? - help, Q - select action, (/) - cycle Shift-Dir - straight line, f/p - Sigmund
Aim: Sigmund, wielding a +0 scythe, wearing a +0 robe and carrying a wand of quicksilver (9) (severely wounded, 58% to hit)
You shoot an arrow. The arrow barely misses Sigmund.
Sigmund zaps a wand.
The bolt of dispelling energy hits you!
You die...

#.# #.#
#.#
#.#######
#.......#
#######.#
#.# #.#
#@#
.....@..#
...######


You could see Sigmund.

Vanquished Creatures
  2 adders (D:2)
  A dart slug (D:1)
  A ball python (D:1)
  2 bats
  2 endoplasms (D:2)
  A giant cockroach (D:1)
  A goblin (D:2)
  5 hobgoblins
  6 jackals
  A quokka (D:2)
  3 frilled lizards
  4 kobolds
  A rat (D:2)
30 creatures vanquished.

Notes
Turn   | Place    | Note
-------+----------+-------------------------------------------
     0 | D:1      | Darkkill the Minotaur Hunter began the quest for the Orb.
     0 | D:1      | Reached XP level 1. HP: 18/18 MP: 0/0
    26 | D:1      | Reached skill level 1 in Stealth
    62 | D:1      | Reached XP level 2. HP: 25/25 MP: 1/1
   147 | D:1      | You fall into a shaft and drop 1 floor!
   205 | D:2      | Reached XP level 3. HP: 24/31 MP: 2/2
   259 | D:2      | Found a faded altar of an unknown god.
   416 | D:2      | Noticed Sigmund
   425 | D:2      | Killed from afar by Sigmund

Illustrated notes

Levels and vault maps discovered:
D:1:      erik_arrival_orb_chamber, layout_rooms
D:2:      layout_loops_ring, dreamdust_ecumenical_altar_angels_and_demons,
          minmay_between, uniq_sigmund

Skill      XL: |  1  2 |
---------------+-------+-----
Stealth        | 1 |  1.5
Fighting       | 3 |  3.2
Ranged Weapons | |  4.8
Dodging        | |  2.9

Action                     || total
---------------------------++-------
   Fire: Shortbow          ||    81
 Armour: Leather armour    ||     9
  Dodge: Dodged            ||    32

Table legend: (Time is in decaauts)
 A = Elapsed time spent in this place.
 B = Non-inter-level travel time spent in this place.
 C = Inter-level travel time spent in this place.
 D = Time resting spent in this place.
 E = Time spent auto-exploring this place.
 F = Levels seen in this place.
 G = Mean time per level.
                   A        B        C        D        E       F      G
               +--------+--------+--------+--------+--------+-----+--------+
         Total |    449 |    449 |      0 |      0 |    298 |   2 |  224.5 |
       Dungeon |    449 |    449 |      0 |      0 |    298 |   2 |  224.5 |
               +--------+--------+--------+--------+--------+-----+--------+

Top non-repeatable levels by time:
     D:2: 295 daAuts
     D:1: 154 daAuts

Table legend:
 A = Kills in this place as a percentage of kills in the entire game.
 B = Kills by you in this place as a percentage of kills by you in the entire game.
 C = Kills by friends in this place as a percentage of kills by friends in the entire game.
 D = Other kills in this place as a percentage of other kills in the entire game.
 E = Experience gained in this place as a percentage of experience gained in the entire game.
 F = Experience gained in this place divided by the number of levels of this place that you have seen.
                   A       B       C       D       E      F
               +-------+-------+-------+-------+-------+----------------------
         Total | 100.0 | 100.0 |   N/A |   N/A | 100.0 |  38.5
       Dungeon | 100.0 | 100.0 |   N/A |   N/A | 100.0 |  38.5
               +-------+-------+-------+-------+-------+----------------------
